 Dungeon Crawl Stone Soup version 0.31.0-12-g77e489cdc1 (webtiles) character file.

Game seed: 4289476119989390563

34 H0rd4k the Charlatan (level 3, -1/24 HPs)
             Began as an Octopode Artificer on Feb 27, 2024.
             Slain by an orc
             ... wielding a +0 dagger
              (4 damage)
             ... on level 2 of the Dungeon.
             The game lasted 00:01:24 (1087 turns).

H0rd4k the Charlatan (Octopode Artificer)           Turns: 1087, Time: 00:01:24

Health: -1/24      AC:  1    Str: 11    XL:     3   Next: 31%
Magic:  3/3        EV: 13    Int: 15    God:
Gold:   37         SH:  0    Dex: 12    Spells: 2/2 levels left

rFire   . .          .
                       - Unarmed
rCold   . . .        (no shield)
rNeg    . . .        (helmet restricted)
rPois   .            (no amulet)
rElec   .            (no ring)
rCorr   .            (no ring)
SInv    .            (no ring)
Will    .....        (no ring)
Stlth   +++          (no ring)
HPRegen 0.24/turn    (no ring)
MPRegen 0.08/turn    (no ring)
                     (no ring)

%: no passive effects
@: no status effects
A: almost no armour, amphibious, 8 rings, camouflage 1, gelatinous body 1,
(nimble swimmer 1), tentacles
a: no special abilities


You were on level 2 of the Dungeon.
You visited 1 branch of the dungeon, and saw 2 of its levels.

You collected 37 gold pieces.

Inventory:

Talismans
 g - a beast talisman
Wands
 b - a wand of flame (15) (quivered)
 c - a wand of charming (12)
 d - a wand of iceblast (5)
Scrolls
 a - 2 scrolls of blinking {unknown}
 f - a scroll of fog {unknown}
 i - a scroll of teleportation {unknown}
Potions
 e - a potion of might {unknown}
 h - a potion of degeneration {unknown}


   Skills:
 + Level 1.7 Fighting
 - Level 2.3 Dodging
 - Level 1.3 Stealth
 + Level 2.3 Unarmed Combat
 - Level 3.2 Evocations
 * Level 0.1 Shapeshifting


You had 2 spell levels left.
You didn't know any spells.
Your spell library was empty.

Dungeon Overview and Level Annotations

Branches:
Dungeon (2/15)

Altars:


Innate Abilities, Weirdness & Mutations

You cannot wear most types of armour.
You are amphibious.
You can wear up to eight rings at the same time.
Your skin changes colour to match your surroundings (Stealth+).
Your rubbery body absorbs attacks. (AC +1, EV +1)
((You are camouflaged when in or above water. (Stealth+)))
You have tentacles for arms and can constrict up to eight enemies at once.


Message History

An orc comes into view. It is wielding a +0 dagger.
An adder comes into view.
The dart slug closely misses you.
You tentacle-slap the dart slug but do no damage.
You grab the dart slug. You constrict the dart slug.
The goblin closely misses Robin.
You tentacle-slap the dart slug.
The dart slug is moderately wounded.
You constrict the dart slug.
The goblin hits Robin but does no damage.
The rat bites Robin.
The goblin hits you with a +0 club. The dart slug closely misses you.
You tentacle-slap the dart slug but do no damage.
The dart slug is moderately wounded.
You constrict the dart slug.
The goblin hits Robin but does no damage.
The rat bites you.
The goblin barely misses Robin.
Robin misses the goblin.
The dart slug bites you.
You tentacle-slap the dart slug.
The dart slug is heavily wounded.
You constrict the dart slug.
The goblin hits Robin with a +0 club.
The rat closely misses Robin.
The goblin hits you with a +0 club.
* * * LOW HITPOINT WARNING * * *
Robin hits the goblin with a +0 falchion!
The goblin dies!
The dart slug bites you.
* * * LOW HITPOINT WARNING * * *
You tentacle-slap the dart slug.
The dart slug is almost dead.
You constrict the dart slug.
You kill the dart slug!
The rat bites Robin but does no damage.
The goblin hits Robin with a +0 club.
Robin completely misses the goblin.
Aiming: Charm
Press: ? - help, Shift-Dir - straight line, f - orc, p - Robin
Aim: an orc, wielding a +0 dagger and quivering boomerangs (chance to affect: 73%)
The orc struggles to resist.
The hobgoblin hits Robin.
The rat bites Robin.
Robin dies!
The goblin closely misses you. The orc hits you with a +0 dagger.
You die...

.....................
>.......<.###...##..
##...#...## #...# .
...#.....# #...# ..
!..##...g# #..#.# ...
.........#....#.# ....
##.........##.#r# .....
#..#..#... #.#r##......
#....##...##.#)@o$.....
#.#.. #....#ggg####.###
#..gggg# ...gggS#
.....rS# .....#..
........ .......


You could see 2 adders, an orc, 4 hobgoblins, 6 goblins and 3 rats.

Vanquished Creatures
  A dart slug (D:2)
  4 endoplasms
  2 giant cockroaches (D:1)
  4 goblins (D:1)
  3 hobgoblins (D:1)
  3 jackals (D:1)
  2 frilled lizards (D:1)
  5 kobolds (D:1)
  2 rats
26 creatures vanquished.

Vanquished Creatures (collateral kills)
  A goblin (D:2)
1 creature vanquished.

Vanquished Creatures (others)
  Robin (D:2)
1 creature vanquished.

Grand Total: 28 creatures vanquished

Notes
Turn   | Place    | Note
-------+----------+-------------------------------------------
     0 | D:1      | H0rd4k the Octopode Artificer began the quest for the Orb.
     0 | D:1      | Reached XP level 1. HP: 13/13 MP: 1/1
   190 | D:1      | Reached skill level 1 in Unarmed Combat
   190 | D:1      | Reached XP level 2. HP: 12/18 MP: 2/2
   630 | D:1      | Reached XP level 3. HP: 13/24 MP: 3/3
  1075 | D:2      | Noticed Robin
  1087 | D:2      | Your ally Robin died
  1087 | D:2      | Slain by an orc

Illustrated notes

Levels and vault maps discovered:
D:1:      erik_arrival_cave_to_civilisation [erik_arrival_cave_to_hall],
          layout_basic
D:2:      layout_rooms, uniq_jessica, uniq_robin

Skill      XL: |  1  2 |
---------------+-------+-----
Unarmed Combat | 1 2 |  2.3
Fighting       | |  1.7
Dodging        | |  2.3
Stealth        | |  1.3
Evocations     | |  3.2
Shapeshifting  | |  0.1

Action                     || total
---------------------------++-------
  Melee: Unarmed           ||    81
         Constrict         ||    18
         Tentacles         ||    11
         Punch             ||     1
  Evoke: Wand              ||     3
   Stab: Sleeping          ||     6
 Armour: Skin              ||    41
  Dodge: Dodged            ||    57
